 Dungeon Crawl Stone Soup version 0.31-a0-691-g409c26aa35 (webtiles) character file.

Game seed: 14297603407813407251

347 qw the Shooter (level 6, -2/38 HPs)
             Began as a Gargoyle Hunter on Sept 6, 2023.
             Slain by a goblin
             ... wielding a +0 club
             ... led by Robin
              (3 damage)
             ... on level 4 of the Dungeon.
             The game lasted 00:01:12 (2507 turns).

qw the Shooter (Gargoyle Hunter)                    Turns: 2507, Time: 00:01:13

Health: -2/38      AC: 10    Str: 14    XL:     6   Next: 59%
Magic:  6/6        EV: 10    Int: 10    God:
Gold:   156        SH:  0    Dex: 15    Spells: 5/5 levels left

rFire   . . .        Y - +0 shortbow
rCold   . . .        (shield currently unavailable)
rNeg    + . .        f - +0 ring mail
rPois   inf          (no helmet)
rElec   +            h - +0 cloak
rCorr   .            (no gloves)
SInv    +            (no boots)
Will    .....        (no amulet)
Stlth   +            c - ring of see invisible
HPRegen 0.26/turn    (no ring)
MPRegen 0.10/turn

%: no passive effects
@: no status effects
A: sickness immunity, AC +4, negative energy resistance 1, electricity
resistance, torment resistance 1, petrification resistance
a: no special abilities


You were on level 4 of the Dungeon.
You visited 1 branch of the dungeon, and saw 4 of its levels.

You collected 156 gold pieces.


Innate Abilities, Weirdness & Mutations

You are immune to sickness and miasma.
Your stone body is resilient. (AC +4)
You are immune to poison.
You resist negative energy. (rN+)
You are resistant to electric shocks. (rElec)
You are resistant to unholy torment.
You are immune to petrification.


   Skills:
 - Level 4.0 Fighting
 + Level 6.9 Ranged Weapons
 - Level 1.0 Armour
 - Level 1.5 Dodging
 - Level 1.1 Stealth


You had 5 spell levels left.
You didn't know any spells.
Your spell library was empty.

Inventory:

Hand Weapons
 Y - a +0 shortbow (weapon)
Armour
 f - a +0 ring mail (worn)
 h - a +0 cloak (worn)
Jewellery
 c - a ring of see invisible (left hand)
Scrolls
 e - a scroll of teleportation {unknown}
 j - a scroll of torment {unknown}
Potions
 a - a potion of invisibility {unknown}
 b - a potion of might {unknown}
 d - a potion of resistance {unknown}
 g - a potion of heal wounds {unknown}
 i - a potion of enlightenment {unknown}

Dungeon Overview and Level Annotations

Branches:
Dungeon (4/15)
 Temple: D:4-7

Altars:

Shops:
D:1 (*(   D:3 :

Annotations:
D:4 Robin


Message History

The orc misses you.
The phantom hits you but does no damage.
The goblin hits you but does no damage. Robin barely misses you.
A goblin comes into view. It is wielding a +0 club.
The adder barely misses you.
You shoot an arrow. The arrow closely misses the phantom.
The arrow closely misses Robin.
The arrow hits the goblin!
You kill the goblin!
The orc closely misses you. The orc hits you but does no damage.
Robin roars a battlecry!
A goblin comes into view. It is wielding a +0 club.
The goblin closely misses you.
A goblin comes into view. It is wielding a +0 club.
The phantom barely misses you. The adder bites you but does no damage.
The phantom hits you.
The phantom blinks!
You blink.
The goblin moves out of view. x2
You hear a shout!
You shoot an arrow. The arrow hits the phantom!
You destroy the phantom!
The orc hits you with a +0 short sword.
You shoot an arrow. The arrow hits the adder.
The adder is moderately wounded.
The hobgoblin no longer looks unusually strong.
The adder bites you but does no damage. The orc hits you but does no damage.
Robin roars a battlecry!
The hobgoblin goes into a battle-frenzy!
You shoot an arrow. The arrow misses the adder.
The goblin no longer looks unusually strong. x2
The adder closely misses you. The orc hits you with a +0 short sword.
A goblin comes into view. It is wielding a +0 club.
The goblin hits you with a +0 club. The adder misses you.
You shoot an arrow. The arrow completely misses the adder.
The adder bites you but does no damage. The orc closely misses you.
The hobgoblin hits you. The goblin hits you with a +0 club.
Robin hits you but does no damage.
You shoot an arrow. The arrow closely misses the adder.
The arrow hits the goblin but does no damage.
The adder bites you. The orc barely misses you.
The hobgoblin closely misses you. The goblin hits you with a +0 club.
You die...

................#
#..)...........
#..).........#
##..g..g....# ..###
#...g..g...##. ....##
....#.....#..## .. .....
....##ggo.....#..# ....#
.......Sog.......# ....#
.##..g@#........ ....#
..###....#.#.....$ ....#
...##.......#..#...
....####...........#.##
..
..............#..##..##..
..............###........
##...................#..#
...>)........>....##....#
...#.<............##.....


You could see Robin, an adder, 2 orcs, a hobgoblin (strong) and 6 goblins.

Vanquished Creatures
  A phantom (D:4)
  A hound (D:3)
  An iguana (D:4)
  2 orc wizards (D:3)
  Terence (D:3)
  4 adders
  3 gnolls (D:3)
  A dart slug (D:3)
  2 orcs (D:3)
  6 endoplasms
  2 giant cockroaches
  10 goblins
  10 hobgoblins
  9 ball pythons
  9 bats
  6 frilled lizards
  7 kobolds
  5 rats
80 creatures vanquished.

Notes
Turn   | Place    | Note
-------+----------+-------------------------------------------
     0 | D:1      | qw the Gargoyle Hunter began the quest for the Orb.
     0 | D:1      | Reached XP level 1. HP: 12/12 MP: 1/1
     0 | D:1      | 0 ||| qw: Version: 0.3-a-76-g4403597
     0 | D:1      | 0 ||| qw: Game counter: 5
     0 | D:1      | 0 ||| qw: Melee chars always use a shield: true
     0 | D:1      | 0 ||| qw: God list: Okawaru
     0 | D:1      | 0 ||| qw: Allow faded altars: false
     0 | D:1      | 0 ||| qw: Do Orc after clearing Dungeon:15 true
     0 | D:1      | 0 ||| qw: Do second Lair branch before Depths: true
     0 | D:1      | 0 ||| qw: Lair rune preference: random
     0 | D:1      | 0 ||| qw: Goals: Normal
     0 | D:1      | 0 ||| PLANNING D:1-11
   122 | D:1      | Reached XP level 2. HP: 17/17 MP: 2/2
   192 | D:1      | Found Jossyubyps's Weapon Emporium.
   472 | D:1      | Found Bitemu's General Store.
   479 | D:1      | Reached XP level 3. HP: 21/21 MP: 3/3
   492 | D:1      | 492 ||| SHOPLISTING scroll of brand weapon (133 gold, have
                  | 43).
   501 | D:1      | Found Qulukoo's Antique Weapon Shop.
   709 | D:1      | 709 ||| READING scroll labelled MOPLITEDAM.
   710 | D:1      | 710 ||| READING scroll labelled JEEGEE ZOEMP.
   711 | D:1      | 711 ||| DROPPING scroll of butterflies.
   764 | D:2      | Reached skill level 5 in Ranged Weapons
  1057 | D:2      | Reached skill level 3 in Fighting
  1196 | D:2      | Reached XP level 4. HP: 22/28 MP: 4/4
  1384 | D:2      | 1384 ||| DROPPING scarf of harm.
  1385 | D:2      | 1385 ||| UPGRADING to +0 ring mail.
  1395 | D:2      | 1395 ||| DROPPING +0 leather armour.
  1396 | D:2      | 1396 ||| READING scroll labelled ORUGANGA OTUYV.
  1397 | D:2      | 1397 ||| READING scroll labelled QECISTR ZYLE.
  1453 | D:3      | Reached skill level 1 in Armour
  1552 | D:3      | Reached XP level 5. HP: 32/32 MP: 5/5
  1644 | D:3      | 1644 ||| FLEEEEING.
  1645 | D:3      | 1645 ||| FLEEEEING.
  1646 | D:3      | 1646 ||| FLEEEEING.
  1647 | D:3      | 1647 ||| FLEEEEING.
  1648 | D:3      | 1648 ||| FLEEEEING.
  1649 | D:3      | 1649 ||| FLEEEEING.
  1650 | D:3      | 1650 ||| FLEEEEING.
  1651 | D:3      | 1651 ||| FLEEEEING.
  1652 | D:3      | 1652 ||| FLEEEEING.
  1653 | D:3      | 1653 ||| FLEEEEING.
  1656 | D:3      | 1656 ||| STAIRDANCE
  1681 | D:2      | 1681 ||| UPGRADING to +0 cloak.
  1686 | D:2      | 1686 ||| UPGRADING to ring of see invisible.
  1687 | D:2      | 1687 ||| READING scroll labelled XORIDAH BUEGOQAR.
  1723 | D:3      | Noticed Terence
  1733 | D:3      | Killed Terence
  1734 | D:3      | Reached skill level 6 in Ranged Weapons
  1757 | D:3      | Found Gylam's Book Emporium.
  2011 | D:3      | 2011 ||| DROPPING ring of wizardry.
  2012 | D:3      | 2012 ||| DRINKING 2 cyan potions.
  2013 | D:3      | 2013 ||| DROPPING potion of magic.
  2043 | D:4      | 2043 ||| STAIRDANCE
  2051 | D:4      | 2051 ||| STAIRDANCE
  2053 | D:4      | 2053 ||| STAIRDANCE
  2090 | D:4      | 2090 ||| STAIRDANCE
  2100 | D:3      | Reached XP level 6. HP: 17/38 MP: 6/6
  2179 | D:4      | 2179 ||| STAIRDANCE
  2209 | D:4      | 2209 ||| STAIRDANCE
  2492 | D:4      | Noticed Robin
  2506 | D:4      | HP: 8/38 [hobgoblin[Robin] (3)]
  2506 | D:4      | HP: 3/38 [goblin/+0 club[Robin] (5)]
  2507 | D:4      | HP: 1/38 [adder (2)]
  2507 | D:4      | Slain by a goblin

Levels and vault maps discovered:
D:1:      minmay_arrival_arboretum_small, layout_basic, serial_shops,
          nicolae_shop_waterfront, nicolae_shop_hallway_stairs,
          nicolae_shop_hallway_stairs, minmay_misc_feat_hallway,
          minmay_misc_feat_more_columns
D:2:      layout_loops_ring, minivault_19, grunt_decor_mini_mirrors
D:3:      layout_loops_ring, serial_shops, nicolae_shop_waterfront, uniq_terence
D:4:      layout_cave_pools, nicolae_concentric_dashed_squares_wild,
          minmay_quantized, uniq_robin

Skill      XL: |  1  2  3  4  5 |
---------------+----------------+-----
Ranged Weapons | 5 6 |  6.9
Fighting       | 3 4 |  4.0
Armour         | 1 |  1.0
Dodging        | |  1.5
Stealth        | |  1.1

Action                     |  1- 3 |  4- 6 || total
---------------------------+-------+-------++-------
   Fire: Shortbow          |   134 |   152 ||   286
    Use: Scroll            |     2 |     3 ||     5
         Potion            |       |     1 ||     1
 Armour: Leather armour    |    36 |       ||    36
         Ring mail         |       |   102 ||   102
  Dodge: Dodged            |    36 |    66 ||   102

Table legend:
 A = Non-vault XP
 B = Vault XP
 C = Vault XP percentage of total XP
 D = Non-vault monster count
 E = Vault monster count
 F = Vault count percentage of total count
                 A         B        C        D         E       F
            +---------+---------+-------+---------+---------+-------
      Total |     459 |      38 |   7.6 |      76 |       4 |   5.0
            +---------+---------+-------+---------+---------+-------
        D:1 |      35 |       0 |   0.0 |      24 |       0 |   0.0
        D:2 |      62 |       0 |   0.0 |      22 |       0 |   0.0
        D:3 |     201 |      32 |  13.7 |      24 |       1 |   4.0
        D:4 |     161 |       6 |   3.6 |       6 |       3 |  33.3
            +---------+---------+-------+---------+---------+-------
